 Dungeon Crawl Stone Soup version 0.29-a0-919-gd064cfad1c (webtiles) character file.

Game seed: 16722564685995559129

88 quixfox the Digger (level 4, 0/24 HPs)
             Began as a Gargoyle Earth Elementalist on July 27, 2022.
             Slain by an orc wizard
             ... wielding a +0 dagger
              (2 damage)
             ... on level 4 of the Dungeon.
             The game lasted 00:04:16 (2699 turns).

quixfox the Digger (Gargoyle Earth Elementalist)    Turns: 2699, Time: 00:04:16

Health: 0/24       AC:  8    Str: 12    XL:     4   Next: 54%
Magic:  6/8        EV: 11    Int: 17    God:
Gold:   105        SH:  0    Dex: 10    Spells: 3/9 levels left

rFire   . . .      SeeInvis .   h - +2 spear (vorpal)
rCold   . . .      Faith    .   (no shield)
rNeg    + . .      Spirit   .   a - +0 robe
rPois   ∞          Reflect  .   (no helmet)
rElec   +          Harm     .   o - +2 cloak
rCorr   .          Rampage  .   (no gloves)
Will    .....                   (no boots)
Stlth   +.........              (no amulet)
HPRegen 0.08/turn               (no ring)
MPRegen 0.11/turn               (no ring)

@: confused
A: sickness immunity, AC +3, negative energy resistance 1, electricity
resistance, torment resistance 1, petrification resistance
a: no special abilities


You were on level 4 of the Dungeon.
You visited 1 branch of the dungeon, and saw 4 of its levels.

You collected 105 gold pieces.

Inventory:

Hand Weapons
 h - a +2 vorpal spear (weapon)
Armour
 a - a +0 robe (worn)
 d - a scarf of resistance
 o - a +2 cloak (worn)
Scrolls
 c - 4 scrolls of teleportation
 l - a scroll of poison {unknown}
 n - a scroll of amnesia {unknown}
Potions
 b - a potion of magic
 e - 2 potions of heal wounds
 f - 2 potions of flight
 g - 2 potions of mutation
 i - a potion of berserk rage
 j - 4 potions of might
 k - a potion of lignification
 m - a potion of degeneration {unknown}


   Skills:
 - Level 1.5 Dodging
 - Level 2.1 Stealth
 + Level 3.2 Spellcasting
 + Level 1.0 Conjurations
 - Level 0.7 Transmutations
 + Level 5.0 Earth Magic


You had 3 spell levels left.
You knew the following spells:

 Your Spells              Type           Power      Damage    Failure   Level
a - Sandblast             Erth           38%        2d10      2%          1
b - Passwall              Tmut/Erth      10%        N/A       8%          2
c - Stone Arrow           Conj/Erth      26%        3d8       14%         3

Your spell library contained the following spells:

 Spells                   Type           Power      Damage    Failure   Level
 Freeze                   Ice            8%         1d3       17%         1
 Frozen Ramparts          Ice            4%         1d2       45%         3
 Petrify                  Tmut/Erth      12%        N/A       45%         4
 Hailstorm                Conj/Ice       4%         3d4       80%         4


Dungeon Overview and Level Annotations

Branches:
Dungeon (4/15)
 Temple: D:4-7

Altars:
Qazlal

Shops:
D:1 *


Innate Abilities, Weirdness & Mutations

You are immune to sickness and miasma.
Your stone body is resilient. (AC +3)
You are immune to poison.
You resist negative energy. (rN+)
You are resistant to electric shocks. (rElec)
You are resistant to unholy torment.
You are immune to petrification.


Message History

You see here a +0 short sword.
There is a stone staircase leading down here.
You climb downwards.
Found a chain mail and a fizzy dark potion.
There is a stone staircase leading up here.
An orc priest is nearby! 3 orcs, an orc wizard and a hobgoblin come into view.
Found a stone staircase leading up.
The orc priest shouts!
The orc shouts! x2; The orc wizard shouts!
The hobgoblin shouts!
The orc priest calls down the wrath of Beogh upon you.
Beogh smites you!
The orc moves out of view.
The blast of sand hits the orc wizard!
The orc wizard is severely wounded.
The orc shouts!
The orc wizard casts a spell.
The orc wizard flickers and vanishes!
Deactivating autopickup; reactivate with Ctrl-A.
The hobgoblin hits you.
Aiming: Sandblast (safe; 2% risk of failure)
Press: ? - help, Q - select action, (/) - cycle Shift-Dir - straight line, f - orc priest
Aim: an orc priest, wielding a +0 hand axe (82% to hit)
The blast of sand hits the orc priest!
The orc priest is heavily wounded.
The hobgoblin closely misses you.
You hear some strange, mumbled words.
You are confused.
The hobgoblin hits you but does no damage.
Something hits you but does no damage.
There is a stone staircase leading up here.
The orc priest hits you with a +0 hand axe.
Something hits you but does no damage.
In your confused state, you trip and fall back down the stairs.
The orc priest hits you with a +0 hand axe.
* * * LOW HITPOINT WARNING * * *
Something hits you but does no damage.
The orc priest hits you with a +0 hand axe.
* * * LOW HITPOINT WARNING * * *
Something hits you.
You die...

..# ..#.#
..#.# # .
#.#.#.# ..
#.#.#. ..#
#.#.. .<..
#.#o#.....
#.#@#......#
#.oo.o......
#...g[.!...#
#...........
############


You could see an orc priest, 2 orcs and a hobgoblin.

Vanquished Creatures
  A gnoll (D:1)
  3 adders
  2 worms (D:2)
  A dart slug (D:2)
  5 endoplasms
  3 giant cockroaches
  2 goblins
  6 hobgoblins
  2 quokkas (D:3)
  6 ball pythons
  5 bats
  5 kobolds
  3 rats
44 creatures vanquished.

Notes
Turn   | Place    | Note
-------+----------+-------------------------------------------
     0 | D:1      | quixfox the Gargoyle Earth Elementalist began the quest for
                  | the Orb.
     0 | D:1      | Reached XP level 1. HP: 10/10 MP: 3/3
   184 | D:1      | Reached skill level 4 in Earth Magic
   184 | D:1      | Reached XP level 2. HP: 15/15 MP: 1/5
   583 | D:1      | Reached XP level 3. HP: 19/19 MP: 0/6
   801 | D:1      | Found Vimpim's Assorted Antiques.
  1220 | D:2      | Learned a level 2 spell: Passwall
  1224 | D:2      | Learned a level 3 spell: Stone Arrow
  1359 | D:2      | Reached XP level 4. HP: 24/24 MP: 4/8
  1858 | D:3      | Found a faded altar of an unknown god.
  2233 | D:3      | Found a stormy altar of Qazlal.
  2344 | D:3      | Reached skill level 1 in Conjurations
  2344 | D:3      | Reached skill level 5 in Earth Magic
  2699 | D:4      | Slain by an orc wizard

Illustrated notes

Levels and vault maps discovered:
D:1:      dpeg_arrival_simpleton_b, layout_basic, serial_shops,
          nicolae_shop_crystal
D:2:      layout_rooms, chequers_serial_rivers_micro_a
D:3:      layout_loops_corners, marbit_many_paths,
          hellmonk_ecumenical_altar_leap_of_faith, minivault_24
D:4:      layout_basic, grunt_decor_cap

Skill      XL: |  1  2  3  4 |
---------------+-------------+-----
Earth Magic    | 4 5 |  5.0
Spellcasting   | 3 |  3.2
Conjurations   | 1 |  1.0
Dodging        | |  1.5
Stealth        | |  2.1
Transmutations | |  0.7

Action                   |  1- 3 |  4- 6 || total
-------------------------+-------+-------++-------
Melee: Spear             |     1 |       ||     1
 Cast: Sandblast         |    46 |    24 ||    70
  Use: Scroll            |     6 |     1 ||     7
Armor: Robe              |     7 |     6 ||    13
Dodge: Dodged            |    18 |     7 ||    25

Table legend: (Time is in decaauts)
 A = Elapsed time spent in this place.
 B = Non-inter-level travel time spent in this place.
 C = Inter-level travel time spent in this place.
 D = Time resting spent in this place.
 E = Time spent auto-exploring this place.
 F = Levels seen in this place.
 G = Mean time per level.
                   A        B        C        D        E       F      G
               +--------+--------+--------+--------+--------+-----+--------+
         Total |   2768 |   2680 |     88 |      0 |   2337 |   4 |  692.0 |
       Dungeon |   2768 |   2680 |     88 |      0 |   2337 |   4 |  692.0 |
               +--------+--------+--------+--------+--------+-----+--------+

Top non-repeatable levels by time:
     D:3: 1149 daAuts
     D:1: 1047 daAuts
     D:2: 562 daAuts
     D:4: 8 daAuts
